 Dungeon Crawl Stone Soup version 0.28-a0-794-gafe8c5f9e9 (webtiles) character file.

Game seed: 10032704313532172961

140 bande the Covered (level 5, -5/33 HPs)
             Began as a Gargoyle Fighter on Nov 5, 2021.
             Slain by a small abomination (6 damage)
             ... on level 1 of the Abyss.
             The game lasted 00:01:21 (1154 turns).

bande the Covered (Gargoyle Fighter)                Turns: 1154, Time: 00:01:23

Health: -5/33      AC: 11    Str: 21      XL:     5   Next: 23%
Magic:  5/5        EV:  9    Int:  5 (6)  God:
Gold:   5          SH:  4    Dex:  9      Spells: 4/4 levels left

rFire   . . .      SeeInvis .   a - +0 war axe
rCold   . . .      Faith    .   c - +0 buckler
rNeg    + . .      Spirit   .   b - +0 scale mail
rPois   ∞          Reflect  .   (no helmet)
rElec   +          Harm     .   (no cloak)
rCorr   .          Rampage  .   (no gloves)
Will    .....                   (no boots)
Stlth   ..........              g - amulet of regeneration
HPRegen 1.11/turn               (no ring)
MPRegen 0.09/turn               (no ring)

@: no status effects
A: sickness immunity, AC +4, negative energy resistance 1, electricity
resistance, torment resistance 1, petrification resistance, deterioration 1,
dopey 1, devolution 1
a: no special abilities


You were on level 1 of the Abyss.
You visited 1 branch of the dungeon, and saw 1 of its levels.
You visited the Abyss 1 time.

You collected 5 gold pieces.

Inventory:

Hand Weapons
 a - a +0 war axe (weapon)
Armour
 b - a +0 scale mail (worn)
 c - a +0 buckler (worn)
Jewellery
 g - an amulet of regeneration (around neck)
Scrolls
 e - 2 scrolls of identify {unknown}
 f - a scroll of enchant weapon {unknown}
Potions
 d - a potion of might


   Skills:
 + Level 4.0 Fighting
 + Level 3.4 Axes
 + Level 4.2 Armour
 - Level 0.1 Dodging
 + Level 3.6 Shields


You had 4 spell levels left.
You didn't know any spells.
Your spell library was empty.

Dungeon Overview and Level Annotations

Branches:
Dungeon (1/15)

Altars:


Innate Abilities, Weirdness & Mutations

You are immune to sickness and miasma.
Your stone body is resilient. (AC +4)
You are immune to poison.
You resist negative energy. (rN+)
You are resistant to electric shocks. (rElec)
You are resistant to unholy torment.
You are immune to petrification.
Your body sometimes deteriorates upon taking damage.
You are dopey. (Int -2)
You have hidden genetic defects.


Message History

The neqoxec is severely wounded.
The neqoxec gestures at you.
Something tries to feed on your intellect!
The neqoxec hits you.
You hit the neqoxec but do no damage.
The neqoxec is severely wounded.
The neqoxec gestures at you.
Strange energies course through your body.
You feel stupid.
Unknown command.
You closely miss the neqoxec.
The neqoxec is severely wounded.
A small abomination comes into view.
The neqoxec hits you!
You slash the neqoxec!
You kill the neqoxec!
You feel your intelligence returning.
Your Fighting skill increases to level 4!
Your Axes skill gained 2 levels and is now at level 3!
Your Armour skill increases to level 4!
You have reached level 4!
You feel stronger.
You have reached level 5!
The substance of the Abyss twists violently, and a gateway leading out appears!
There is a gateway leading out of the Abyss here.
You hit the small abomination.
The small abomination is lightly damaged.
The small abomination hits you but does no damage.
You block the small abomination's attack.
You closely miss the small abomination.
The small abomination is lightly damaged.
The small abomination hits you!
The small abomination hits you but does no damage.
You closely miss the small abomination.
The small abomination is lightly damaged.
The small abomination hits you!
* * * LOW HITPOINT WARNING * * *
Your body deteriorates!
You feel dopey. The small abomination hits you.
You die...

#.. ##.## .#.#..
≈#.#..##≈≈#..≈...
....#..#....#.. .
. ....#.. ##..#
### #..#∩##..##
... # #.#.##.# ..
# ##.#.#...# .
#.#..##... ...
[###x@#. ...#. ##
##### ###.. . #


You could see a small abomination.

Vanquished Creatures
  A neqoxec (Abyss:1)
  2 dart slugs (D:1)
  2 endoplasms (D:1)
  4 goblins (D:1)
  A hobgoblin (D:1)
  2 quokkas (D:1)
  A bat (D:1)
  2 frilled lizards (D:1)
  2 kobolds (D:1)
  3 rats (D:1)
20 creatures vanquished.

Notes
Turn   | Place    | Note
-------+----------+-------------------------------------------
     0 | D:1      | bande the Gargoyle Fighter began the quest for the Orb.
     0 | D:1      | Reached XP level 1. HP: 14/14 MP: 1/1
   271 | D:1      | Reached XP level 2. HP: 19/19 MP: 2/2
   989 | D:1      | Reached XP level 3. HP: 24/24 MP: 3/3
  1078 | D:1      | Cast into level 1 of the Abyss (gnoll)
  1129 | Abyss:1  | Noticed a neqoxec
  1140 | Abyss:1  | Gained mutation: Your body sometimes deteriorates upon
                  | taking damage. [a neqoxec]
  1141 | Abyss:1  | Gained mutation: You have hidden genetic defects. [a
                  | neqoxec]
  1143 | Abyss:1  | Gained mutation: You are dopey. (Int -2) [a neqoxec]
  1144 | Abyss:1  | Noticed a small abomination
  1145 | Abyss:1  | Killed a neqoxec
  1146 | Abyss:1  | Reached XP level 4. HP: 13/29 MP: 4/4
  1146 | Abyss:1  | Reached XP level 5. HP: 14/33 MP: 5/5
  1154 | Abyss:1  | HP: 1/33 [small abomination (11)]
  1154 | Abyss:1  | Slain by a small abomination

Illustrated notes

Levels and vault maps discovered:
D:1:      amcnicky_arrival_choice, layout_loops_ring, minmay_misc_feat_alley
Abyss:1:  base: Temple, evilmike_abyss_exit_3

Skill      XL: |  1  2  3 |
---------------+----------+-----
Fighting       | 4 |  4.0
Axes           | 3 |  3.4
Armour         | 4 |  4.2
Dodging        | |  0.1
Shields        | |  3.6

Action                   |  1- 3 |  4- 6 || total
-------------------------+-------+-------++-------
Melee: War axe           |    79 |     3 ||    82
Armor: Scale mail        |    34 |     2 ||    36
Dodge: Dodged            |    29 |       ||    29
Block: Buckler           |    11 |     1 ||    12

Table legend: (Time is in decaauts)
 A = Elapsed time spent in this place.
 B = Non-inter-level travel time spent in this place.
 C = Inter-level travel time spent in this place.
 D = Time resting spent in this place.
 E = Time spent auto-exploring this place.
 F = Levels seen in this place.
 G = Mean time per level.
                   A        B        C        D        E       F      G
               +--------+--------+--------+--------+--------+-----+--------+
         Total |   1187 |   1187 |      0 |    293 |    702 |   2 |  593.5 |
       Dungeon |   1105 |   1105 |      0 |    293 |    655 |   1 | 1105.0 |
         Abyss |     82 |     82 |      0 |      0 |     47 |   1 |   82.0 |
               +--------+--------+--------+--------+--------+-----+--------+

Top non-repeatable levels by time:
     D:1: 1105 daAuts
 Abyss:1: 82 daAuts
